Map: Glittering Ashes LE

Players

moewhamerUwU

  • Race: Terran Terran
  • League: Diamond
  • Spawn Location: 7:00

LilyBlack - Winner!

  • Race: Terran Terran
  • League: Diamond
  • Spawn Location: 1:00

VOD

Have the link to the VOD?

Description

SCVs repairing each other is kinda nice I guess

Time

  • Played on: June 6, 2022, 7:08 a.m.
  • Length: 4:44
Show
View Real Time Build Order
Export as new Build Order

moewhamerUwU Terran 

Build Orders:  

Get SALT Encoding   

  12  0:01  SCV  
  13  0:13  SCV  
  14  0:18  Supply Depot  
  14  0:27  SCV  
  15  0:40  SCV  
  16  0:55  Barracks  
  16  1:00  Barracks  
  16  1:30  Barracks  
  16  1:36  Refinery  
  15  1:43  Marine  
  15  2:11  Marine  
Show
View Real Time Build Order
Export as new Build Order

LilyBlack Terran - Winner!

Build Orders:  

Get SALT Encoding   

  12  0:11  Supply Depot  
  12  0:18  Refinery  
  12  0:48  Barracks  
  12  0:58  Barracks  
  12  1:04  SCV  
  12  1:52  SCV  
  13  2:04  SCV  
  14  2:12  Refinery  
  13  2:19  SCV  
  14  2:29  Barracks  
  14  2:36  Supply Depot  
  14  2:43  SCV  
  15  2:55  SCV  
  16  3:07  SCV  
  17  3:14  Barracks  
  17  3:17  Marine  
  17  3:39  Marine  
  17  3:57  Marine  
Tags
 
Add a new tag
Caveats
  • Supply blocks, unpowered buildings, or Contaminate may cause inaccurate times.
  • Supply counts are checked every 10 seconds.